 Dungeon Crawl Stone Soup version 0.30-a0-808-g6e0788376e (webtiles) character file.

Game seed: 15253353598404163164

23 MachoJfn the Chopper (level 2, 22/22 HPs)
             Began as a Demonspawn Gladiator on Feb 26, 2023.
             Quit the game on level 1 of the Dungeon.
             The game lasted 00:01:51 (406 turns).

MachoJfn the Chopper (Demonspawn Gladiator)          Turns: 406, Time: 00:01:51

Health: 22/22      AC:  4    Str: 14    XL:     2   Next: 75%
Magic:  2/2        EV: 12    Int:  9    God:
Gold:   28         SH:  0    Dex: 14    Spells: 1/1 levels left

rFire   . . .      SeeInvis .    a - +0 war axe
rCold   . . .      Faith    .    (no shield)
rNeg    . . .      Spirit   .    b - +0 leather armour
rPois   .          Reflect  .    c - +0 helmet
rElec   .          Harm     .    (no cloak)
rCorr   .          Rampage  .    (no gloves)
Will    .....                    (no boots)
Stlth   +                        (no amulet)
HPRegen 0.23/turn                (no ring)
MPRegen 0.08/turn                (no ring)

@: no status effects
A: powered by pain 1
a: no special abilities


You were on level 1 of the Dungeon.
You visited 1 branch of the dungeon, and saw 1 of its levels.

You collected 28 gold pieces.

Inventory:

Hand Weapons
 a - a +0 war axe (weapon)
Missiles
 d - 3 throwing nets (quivered)
 e - a javelin
Armour
 b - a +0 leather armour (worn)
 c - a +0 helmet (worn)
Scrolls
 h - a scroll of magic mapping {unknown}
Potions
 f - a potion of magic {unknown}
 g - 2 potions of might {unknown}


   Skills:
 + Level 2.2 Fighting
 + Level 3.0 Axes
 + Level 2.0 Throwing
 + Level 0.3 Armour
 + Level 3.0 Dodging


You had one spell level left.
You didn't know any spells.
Your spell library contained the following spells:

 Spells                   Type           Power      Damage    Failure   Level
 Anguish                  Hex/Necr       0%         N/A       99%         4
 Enfeeble                 Hex            0%         N/A       100%        7


Dungeon Overview and Level Annotations

Branches:
Dungeon (1/15)

Altars:


Innate Abilities, Weirdness & Mutations

You sometimes gain a little power by taking damage.


Message History

The jackal closely misses you. The jackal misses you.
You barely miss the jackal.
The jackal is severely wounded.
The jackal closely misses you.
You hit the jackal.
You kill the jackal!
Things that are here:
a jackal corpse; a jackal corpse Cleave: a) +0 war axe
Press: ? - help, Dir - move target
Okay, then.
Found a whip.
As you open the door, it creaks loudly!
An endoplasm comes into view.
The endoplasm quivers.
You hear a shout!
There is an open door here.
You barely miss the endoplasm. The endoplasm freezes you.
You are frozen.
A goblin comes into view. It is wielding a +0 club.
The endoplasm freezes you.
You are frozen.
You slash the endoplasm!
You kill the endoplasm!
Your Throwing skill increases to level 2!
Found a stone staircase leading down.
You closely miss the goblin. The goblin hits you with a +0 club.
You closely miss the goblin. The goblin misses you. x2
You slash the goblin!
You kill the goblin!
You see here a +0 club.
There is a stone staircase leading down here.
Unknown command.
Are you sure you want to abandon this character and quit the game? (Confirm with "yes".)
Okay, then.
Okay, then.
Unknown command.
Unknown command.
Are you sure you want to abandon this character and quit the game? (Confirm with "yes".)

### ### #.. ..# #.# #.#
#.# #.#
#.###.#################
###.##..........@........
.....'..)....>....######
###.##....###............
#.##....# #..##.####### #
#.##....# #..#..# #
#.####### #..#.## #
#.####### #..#.
###........ ...#.
+..##########.##.


There were no monsters in sight!

Vanquished Creatures
  A dart slug (D:1)
  A bat (D:1)
  2 endoplasms (D:1)
  2 giant cockroaches (D:1)
  2 hobgoblins (D:1)
  4 jackals (D:1)
  A frilled lizard (D:1)
  4 goblins (D:1)
  A kobold (D:1)
  A rat (D:1)
19 creatures vanquished.

Notes
Turn   | Place    | Note
-------+----------+-------------------------------------------
     0 | D:1      | MachoJfn the Demonspawn Gladiator began the quest for the
                  | Orb.
     0 | D:1      | Reached XP level 1. HP: 16/16 MP: 1/1
   125 | D:1      | Gained mutation: You sometimes gain a little power by
                  | taking damage. [demonic ancestry]
   125 | D:1      | Reached XP level 2. HP: 21/22 MP: 2/2
   406 | D:1      | Quit the game

Illustrated notes

Levels and vault maps discovered:
D:1:      scummos_arrival_hexagon, layout_basic, serial_corexii_hall,
          corexii_hall_statues_deadend, chequers_hall_statues_y

Skill      XL: |  1  2 |
---------------+-------+-----
Axes           | 3 |  3.0
Dodging        | 3 |  3.0
Throwing       | 2 |  2.0
Fighting       | |  2.2
Armour         | |  0.3

Action                     || total
---------------------------++-------
  Melee: War axe           ||    47
         Punch             ||     1
 Armour: Leather armour    ||    16
  Dodge: Dodged            ||    32

Table legend: (Time is in decaauts)
 A = Elapsed time spent in this place.
 B = Non-inter-level travel time spent in this place.
 C = Inter-level travel time spent in this place.
 D = Time resting spent in this place.
 E = Time spent auto-exploring this place.
 F = Levels seen in this place.
 G = Mean time per level.
                   A        B        C        D        E       F      G
               +--------+--------+--------+--------+--------+-----+--------+
         Total |    422 |    338 |     84 |      0 |    212 |   1 |  422.0 |
       Dungeon |    422 |    338 |     84 |      0 |    212 |   1 |  422.0 |
               +--------+--------+--------+--------+--------+-----+--------+

Top non-repeatable levels by time:
     D:1: 422 daAuts
